AoeStats
← FC_M@sTer

Arabia

509819109Analyzed
2v2 RM · 5d ago on Sep 28, 2026· 40m 29s· 4 players
Game mode
Random Map
Map size
Medium (4 player)
Population
200
Speed
Normal
Resources
Standard
Victory
Conquest
Starting age
Dark Age
Ending age
Imperial Age
RankedLock teamsTeams togetherTeam positionsShared explorationLock speedFull tech treeHidden civsTurbo modeCheats
Victory
Defeat
🇨🇴 Persians · Colombia
1395
+9
🇨🇴 Britons · Colombia
1117
+19
🇦🇷 Varangians · Argentina
1235
-15
🇨🇱 Vikings · Chile
1176
-13
zY.Thorfinn
6:31 Loom
9:32 Feudal Age
10:06 Double-Bit Axe
11:07 Horse Collar
19:42 Castle Age
18:34 Stone Mining
18:42 Horse Collar
19:51 Gold Mining
21:32 Bow Saw
24:55 Scale Barding Armor
25:02 Bloodlines
26:12 Fletching
28:24 Forging
30:48 Wheelbarrow
31:15 Iron Casting
31:56 Husbandry
35:03 Heavy Plow
35:19 Bodkin Arrow
38:17 Scale Mail Armor
Bienjamming
2:05 Loom
13:29 Feudal Age
14:01 Double-Bit Axe
19:23 Castle Age
20:37 Scale Mail Armor
20:30 Fletching
21:17 Stone Mining
22:19 Bow Saw
23:55 Fletching
26:48 Forging
36:57 Horse Collar
38:42 Town Watch
FC_Satuplese
5:07 Loom
10:56 Feudal Age
14:18 Wheelbarrow
15:14 Double-Bit Axe
15:41 Town Watch
19:01 Fletching
22:21 Castle Age
21:13 Gold Mining
21:45 Padded Archer Armor
24:26 Crossbowman
28:13 Hand Cart
27:47 Horse Collar
30:06 Ballistics
32:51 Bodkin Arrow
40:13 Imperial Age
37:49 Town Patrol
FC_M@sTer
4:43 Loom
5:42 Loom
8:10 Feudal Age
8:51 Double-Bit Axe
21:51 Castle Age
20:30 Bloodlines
21:31 Scale Barding Armor
21:39 Town Watch
21:40 Horse Collar
22:14 Forging
24:03 Chain Barding Armor
27:01 Husbandry
Connection lost

Rejoining the realm…

Still unreachable

The connection could not be restored.

Session expired

The server has moved on; the page needs a fresh start.